 Dungeon Crawl Stone Soup version 0.29.1-15-g9cfb28693d (webtiles) character file.

Game seed: 17738442837338845520

217 jtron the Grave Robber (level 5, -5/38 HPs)
             Began as a Gnoll Wanderer on Mar 21, 2023.
             Slain by ThatPearl's ghost (6 damage)
             ... on level 5 of the Dungeon.
             The game lasted 00:09:30 (3128 turns).

jtron the Grave Robber (Gnoll Wanderer)             Turns: 3128, Time: 00:09:30

Health: -5/38      AC:  2    Str: 16    XL:     5   Next: 94%
Magic:  0/10       EV: 16    Int: 15    God:
Gold:   120        SH:  0    Dex: 11    Spells: 8/10 levels left

rFire   . . .      SeeInvis .   a - +0 hand axe (venom)
rCold   . . .      Faith    .   (no shield)
rNeg    . . .      Spirit   .   c - +0 robe
rPois   .          Reflect  .   (helmet currently unavailable)
rElec   .          Harm     .   (no cloak)
rCorr   .          Rampage  .   (no gloves)
Will    .....                   (boots currently unavailable)
Stlth   +++.......              (no amulet)
HPRegen 0.12/turn               k - +4 ring of evasion
MPRegen 0.12/turn               t - +6 ring of strength

@: appendages (expiring)
A: horns 2, talons 2, fangs 1, strong nose, distributed training
a: End Transformation


You were on level 5 of the Dungeon.
You had temporarily grown beastly horns and talons.
You visited 1 branch of the dungeon, and saw 5 of its levels.

You collected 120 gold pieces.

Inventory:

Hand Weapons
 a - a +0 hand axe of venom (weapon)
 b - a +0 sling
 n - a +0 dagger
Missiles
 g - 7 poisoned darts
 p - 10 stones (quivered)
Armour
 c - a +0 robe (worn)
 d - a +0 pair of boots (melded)
Jewellery
 k - a +4 ring of evasion (left hand)
 l - an amulet of magic regeneration
 s - a ring of ice
 t - a +6 ring of strength (right hand)
Scrolls
 e - a scroll of immolation {unknown}
 h - a scroll of teleportation
 i - a scroll of vulnerability {unknown}
 j - a scroll of enchant weapon {unknown}
 m - a scroll of enchant armour {unknown}
 r - 2 scrolls of fog
 u - 2 scrolls of blinking
Potions
 f - a potion of resistance {unknown}
 o - a potion of berserk rage {unknown}
 q - a potion of heal wounds


   Skills:
 + Level 1.8 Fighting
 + Level 1.8 Short Blades
 + Level 1.8 Long Blades
 + Level 1.8 Axes
 + Level 1.8 Maces & Flails
 + Level 1.8 Polearms
 + Level 1.8 Staves
 + Level 1.8 Ranged Weapons
 + Level 1.8 Throwing
 + Level 1.8 Armour
 + Level 1.8 Dodging
 + Level 4.5 Stealth
 + Level 1.8 Shields
 + Level 1.8 Unarmed Combat
 + Level 3.3 Spellcasting
 + Level 1.4 Conjurations
 + Level 1.4 Hexes
 + Level 1.4 Summonings
 + Level 5.6 Necromancy
 + Level 1.4 Translocations
 + Level 4.0 Transmutations
 + Level 1.4 Fire Magic
 + Level 1.4 Ice Magic
 + Level 1.4 Air Magic
 + Level 1.4 Earth Magic
 + Level 1.4 Poison Magic
 + Level 2.0 Invocations
 + Level 4.9 Evocations


You had 8 spell levels left.
You knew the following spells:

 Your Spells              Type           Power      Damage    Failure   Level
a - Necrotise             Necr           76%        1d7       1%          1
b - Beastly Appendage     Tmut           28%        N/A       3%          1

Your spell library contained the following spells:

 Spells                   Type           Power      Damage    Failure   Level
 Sublimation of Blood     Necr           19%        N/A       3%          2
 Freeze                   Ice            24%        1d5       11%         1
 Dispel Undead            Necr           19%        3d11      19%         4
 Ignite Poison            Fire/Tmut/Pois 9%         N/A       22%         3
 Frozen Ramparts          Ice            12%        1d2       32%         3
 Gell's Gravitas          Tloc           6%         N/A       32%         3
 Lesser Beckoning         Tloc           6%         N/A       32%         3
 Summon Guardian Golem    Hex/Summ       6%         N/A       32%         3
 Teleport Other           Tloc           6%         N/A       32%         3
 Animate Armour           Summ/Erth      12%        N/A       71%         4
 Hailstorm                Conj/Ice       6%         3d4       71%         4
 Blade Hands              Tmut           7%         N/A       71%         5
 Dispersal                Tloc           3%         N/A       100%        6
 Iron Shot                Conj/Erth      3%         9d2       100%        6
 Orb of Destruction       Conj           3%         9d5       100%        7
 Spellforged Servitor     Conj/Summ      3%         N/A       100%        7


Dungeon Overview and Level Annotations

Branches:
Dungeon (5/15)
 Temple: D:4-7

Altars:
Zin

Annotations:
D:5 ThatPearl's ghost, novice DsAK


Innate Abilities, Weirdness & Mutations

You have temporarily grown beastly horns and talons.
You have very sharp teeth.
Your uncanny sense of smell can sniff out nearby items.
Your experience applies equally to all skills.


Message History

ThatPearl's ghost hits you!
You feel your power leaking away. ThatPearl's ghost barely misses you.
You hit ThatPearl's ghost but do no damage.
ThatPearl's ghost is lightly damaged.
ThatPearl's ghost misses you.
You hit ThatPearl's ghost but do no damage.
Your kick misses ThatPearl's ghost.
ThatPearl's ghost is lightly damaged.
ThatPearl's ghost whispers, "There is no future for you."
ThatPearl's ghost barely misses you.
You closely miss ThatPearl's ghost. You claw ThatPearl's ghost.
Your headbutt misses ThatPearl's ghost. Your bite misses ThatPearl's ghost.
ThatPearl's ghost is lightly damaged.
ThatPearl's ghost closely misses you.
You closely miss ThatPearl's ghost. You claw ThatPearl's ghost.
ThatPearl's ghost is lightly damaged.
Your transformation is almost over.
ThatPearl's ghost hits you.
You feel your power leaking away.
You barely miss ThatPearl's ghost. Your headbutt misses ThatPearl's ghost.
ThatPearl's ghost is lightly damaged.
ThatPearl's ghost completely misses you.
ThatPearl's ghost hits you!
You feel your power leaking away.
You hit ThatPearl's ghost but do no damage.
Your kick misses ThatPearl's ghost.
ThatPearl's ghost is lightly damaged.
ThatPearl's ghost barely misses you.
You closely miss ThatPearl's ghost. Your kick misses ThatPearl's ghost.
You headbutt ThatPearl's ghost, but do no damage.
ThatPearl's ghost is lightly damaged.
ThatPearl's ghost hits you!
* * * LOW HITPOINT WARNING * * *
You feel your power leaking away.
You hit ThatPearl's ghost but do no damage.
Your kick misses ThatPearl's ghost. Your headbutt misses ThatPearl's ghost.
ThatPearl's ghost is lightly damaged.
ThatPearl's ghost hits you.
You die...

.........................####.#
..........................##..#
..##......................##..#
..##....................>....##
..##..##########.............#
....... ##.≈##..............#
.......# #.#≈.#...........#.....
........ ##~.8~#...........#..#..
.........#.!.~.W@..........#....#
.........##..#.'...........#....#
.........#.≈...#...........#....#
###.~.#...........#
#~##.#........... ##
###........... !........
o........ o........


You could see ThatPearl's ghost and an orc.

Vanquished Creatures
  An ogre (D:5)
  A hound (D:5)
  A jelly (D:5)
  An adder (D:2)
  2 worms (D:3)
  3 orcs (D:2)
  7 ball pythons
  3 bats
  An endoplasm (D:1)
  A giant cockroach (D:1)
  2 goblins
  4 hobgoblins
  10 jackals
  3 quokkas
  3 frilled lizards
  2 kobolds
  7 rats
52 creatures vanquished.

Vanquished Creatures (collateral kills)
  An endoplasm (D:2)
  A quokka (D:4)
  A frilled lizard (D:1)
  A goblin (D:1)
4 creatures vanquished.

Grand Total: 56 creatures vanquished

Notes
Turn   | Place    | Note
-------+----------+-------------------------------------------
     0 | D:1      | jtron the Gnoll Wanderer began the quest for the Orb.
     0 | D:1      | jtron set off with the following items: a +0 dagger, a
                  | scroll of fog, a +0 robe, a +0 pair of boots; and the
                  | following spells available to memorise: Necrotise,
                  | Sublimation of Blood, Beastly Appendage, Dispel Undead,
                  | Ignite Poison.
     0 | D:1      | Reached XP level 1. HP: 13/13 MP: 4/4
     2 | D:1      | Learned a level 1 spell: Necrotise
     4 | D:1      | Learned a level 1 spell: Beastly Appendage
   109 | D:1      | Reached XP level 2. HP: 19/19 MP: 3/5
   615 | D:1      | Reached XP level 3. HP: 24/25 MP: 2/7
  1025 | D:2      | Reached skill level 1 in Invocations
  1138 | D:2      | Reached skill level 1 in Fighting
  1138 | D:2      | Reached skill level 1 in Short Blades
  1138 | D:2      | Reached skill level 1 in Long Blades
  1138 | D:2      | Reached skill level 1 in Axes
  1138 | D:2      | Reached skill level 1 in Maces & Flails
  1138 | D:2      | Reached skill level 1 in Polearms
  1138 | D:2      | Reached skill level 1 in Staves
  1138 | D:2      | Reached skill level 1 in Ranged Weapons
  1138 | D:2      | Reached skill level 1 in Throwing
  1138 | D:2      | Reached skill level 1 in Armour
  1138 | D:2      | Reached skill level 1 in Dodging
  1138 | D:2      | Reached skill level 1 in Shields
  1138 | D:2      | Reached skill level 1 in Unarmed Combat
  1317 | D:2      | Reached XP level 4. HP: 32/32 MP: 5/8
  1396 | D:2      | Found a glowing silver altar of Zin.
  2549 | D:4      | Noticed a black bear
  2723 | D:5      | Entered Level 5 of the Dungeon
  2740 | D:5      | Reached skill level 1 in Conjurations
  2740 | D:5      | Reached skill level 1 in Hexes
  2740 | D:5      | Reached skill level 1 in Summonings
  2740 | D:5      | Reached skill level 1 in Translocations
  2740 | D:5      | Reached skill level 1 in Fire Magic
  2740 | D:5      | Reached skill level 1 in Ice Magic
  2740 | D:5      | Reached skill level 1 in Air Magic
  2740 | D:5      | Reached skill level 1 in Earth Magic
  2740 | D:5      | Reached skill level 1 in Poison Magic
  2784 | D:5      | Noticed a phantom
  2889 | D:5      | Noticed an ogre
  2900 | D:5      | Killed an ogre
  2901 | D:5      | Reached XP level 5. HP: 38/38 MP: 4/9
  2975 | D:5      | Found a large runed translucent door.
  2975 | D:5      | Found a large runed translucent door.
  2981 | D:5      | Noticed ThatPearl's ghost (novice DsAK)
  3127 | D:5      | HP: 1/38 [ThatPearl's ghost (12)]
  3128 | D:5      | Slain by ThatPearl's ghost

Illustrated notes

Levels and vault maps discovered:
D:1:      minmay_arrival_diagonal_passages, layout_rooms,
          nicolae_figureground_pulse
D:2:      layout_rooms, basic_altar
D:3:      layout_basic
D:4:      layout_rooms, feat_on_display, uniq_edmund
D:5:      layout_layer_cave, ebering_ghost_disaster_area

Skill      XL: |  1  2  3  4  5 |
---------------+----------------+-----
Invocations    | 1 2 |  2.0
Fighting       | 1 |  1.8
Short Blades   | 1 |  1.8
Long Blades    | 1 |  1.8
Axes           | 1 |  1.8
Maces & Flails | 1 |  1.8
Polearms       | 1 |  1.8
Staves         | 1 |  1.8
Ranged Weapons | 1 |  1.8
Throwing       | 1 |  1.8
Armour         | 1 |  1.8
Dodging        | 1 |  1.8
Shields        | 1 |  1.8
Unarmed Combat | 1 |  1.8
Spellcasting   | 3 |  3.3
Conjurations   | 1 |  1.4
Hexes          | 1 |  1.4
Summonings     | 1 |  1.4
Translocations | 1 |  1.4
Fire Magic     | 1 |  1.4
Ice Magic      | 1 |  1.4
Air Magic      | 1 |  1.4
Earth Magic    | 1 |  1.4
Poison Magic   | 1 |  1.4
Transmutations | 4 |  4.0
Stealth        | |  4.5
Necromancy     | |  5.6
Evocations     | |  4.9

Action                   |  1- 3 |  4- 6 || total
-------------------------+-------+-------++-------
Melee: Dagger            |    36 |       ||    36
       Bite              |     1 |     4 ||     5
       Hand axe          |       |    33 ||    33
       Kick              |       |     4 ||     4
       Headbutt          |       |     3 ||     3
 Fire: Sling             |       |    25 ||    25
Throw: Dart              |     3 |     5 ||     8
 Cast: Necrotise         |    48 |    20 ||    68
       Beastly Appendage |       |     3 ||     3
  Use: Scroll            |       |     6 ||     6
       Potion            |       |     1 ||     1
 Stab: Sleeping          |     1 |       ||     1
Armor: Robe              |    16 |     3 ||    19
Dodge: Dodged            |    40 |    40 ||    80
